 Dungeon Crawl Stone Soup version 0.17.0 (webtiles) character file.

151 Sodium1970 the Shield-Bearer (level 5, 0/41 HPs)
             Began as a Human Fighter on Dec 30, 2015.
             Slain by MaybeFactor's ghost (3 damage)
             ... on level 4 of the Dungeon.
             The game lasted 00:09:36 (2625 turns).

Sodium1970 the Shield-Bearer (Human Fighter)        Turns: 2625, Time: 00:09:36

Health: 0/41       AC: 12    Str: 18    XL:     5   Next: 60%
Magic:  5/5        EV:  5    Int:  8    God:
Gold:   116        SH:  9    Dex: 12    Spells: 0 memorised, 4 levels left

rFire  + . .     SeeInvis .     a - +0 long sword
rCold  . . .     Clarity  .     u - +2 chain mail {rF+}
rNeg   . . .     SustAt   .     c - +0 shield
rPois  .         Gourm    .     (no helmet)
rElec  .         Spirit   .     m - +0 cloak
rCorr  .         Warding  .     (no gloves)
rMut   .         Stasis   .     (no boots)
MR     .....                    (no amulet)
Stlth  ..........               (no ring)
                                (no ring)

@: not resistant to hostile enchantments, extremely unstealthy
A: no striking features
a: no special abilities


You were on level 4 of the Dungeon.
You were not hungry.

You visited 1 branch of the dungeon, and saw 4 of its levels.

You collected 116 gold pieces.

Inventory:

Hand Weapons
 a - a +0 long sword (weapon)
Armour
 b - a +0 scale mail
 c - a +0 shield (worn)
 m - a +0 cloak (worn)
 u - a +2 chain mail of fire resistance (worn)
Jewellery
 h - an uncursed ring of protection from cold {unknown}
 l - an uncursed amulet of the gourmand {unknown}
Scrolls
 f - a scroll of fear {unknown}
 j - a scroll of teleportation {unknown}
 k - 5 scrolls of identify {unknown}
 p - a scroll of remove curse {unknown}
 t - a scroll of noise {unknown}
Potions
 d - a potion of might
 e - a potion of mutation {unknown}
 g - 3 potions of curing {unknown}
 i - 3 potions of heal wounds {unknown}
 n - 2 potions of agility {unknown}
 q - a potion of magic {unknown}
 s - 3 potions of brilliance {unknown}
 v - a potion of cancellation {unknown}
Comestibles
 o - 2 bread rations
 r - a meat ration


   Skills:
 + Level 3.5 Fighting
 + Level 2.8 Long Blades
 + Level 3.8 Armour
 + Level 2.0 Dodging
 + Level 3.9 Shields


You had 4 spell levels left.
You didn't know any spells.

Dungeon Overview and Level Annotations

Branches:
Dungeon (4/15)
 Temple: D:4-7

Altars:
Ashenzari
Qazlal
Xom

Annotations:
D:4 MaybeFactor's ghost, amateur GrBe


Message History

You hit MaybeFactor's ghost but do no damage.
MaybeFactor's ghost is severely damaged.
The adder skeleton bites you but does no damage.
MaybeFactor's ghost hits you.
* * * LOW HITPOINT WARNING * * *
The adder skeleton bites you but does no damage.
You closely miss MaybeFactor's ghost.
MaybeFactor's ghost is severely damaged.
You block MaybeFactor's ghost's attack.
The adder skeleton completely misses you.
Your shield prevents you from hitting the adder skeleton.
MaybeFactor's ghost whispers, "Meet the emptiness of death!"
MaybeFactor's ghost hits you.
* * * LOW HITPOINT WARNING * * *
The adder skeleton bites you but does no damage.
You block MaybeFactor's ghost's attack. The adder skeleton barely misses you.
You hit the adder skeleton but do no damage.
The adder skeleton bites you but does no damage.
MaybeFactor's ghost hits you.
You die...

...... ....[.
#.... #.... #...
##..#######..
####............
.......Z.....##
####..W@........
#..........##
#............
#.........###
#.........#
###########


You could see MaybeFactor's ghost and an adder skeleton.

Vanquished Creatures
  A hound (D:3)
  Ijyb (D:2)
  3 adders
  2 oozes
  2 worms (D:3)
  A giant gecko (D:2)
  An orc (D:3)
  2 ball pythons (D:1)
  6 bats
  3 giant cockroaches
  8 goblins
  7 hobgoblins
  4 giant newts
  2 jackals (D:2)
  7 kobolds
  5 rats
55 creatures vanquished.

Notes
Turn   | Place    | Note
--------------------------------------------------------------
     0 | D:1      | Sodium1970 the Human Fighter began the quest for the Orb.
     0 | D:1      | Reached XP level 1. HP: 18/18 MP: 1/1
   131 | D:1      | Found a shattered altar of Ashenzari.
   290 | D:1      | Reached XP level 2. HP: 21/24 MP: 2/2
   769 | D:1      | Reached XP level 3. HP: 27/29 MP: 3/3
  1077 | D:2      | Found a stormy altar of Qazlal.
  1159 | D:2      | Reached skill level 1 in Dodging
  1287 | D:2      | Reached XP level 4. HP: 30/35 MP: 4/4
  1451 | D:2      | Noticed Ijyb
  1454 | D:2      | Found a shimmering altar of Xom.
  1470 | D:2      | Killed Ijyb
  1971 | D:3      | Reached XP level 5. HP: 38/41 MP: 5/5
  2593 | D:4      | Noticed MaybeFactor's ghost (amateur GrBe)
  2625 | D:4      | Slain by MaybeFactor's ghost

Action                   |  1- 3 |  4- 6 || total
-------------------------+-------+-------++-------
Melee: Long sword        |   105 |   133 ||   238
  Eat: Bread ration      |     1 |     1 ||     2
